 Dungeon Crawl Stone Soup version 0.15-a0-86-gda4a099 (webtiles) character file.

171 4tharraofdagon the Skirmisher (level 5, -5/49 HPs)
             Began as a Gargoyle Berserker on Apr 7, 2014.
             Was a Believer of Trog.
             Slain by DasRunzen's ghost (13 damage)
             ... on Level 4 of the Dungeon.
             The game lasted 00:02:11 (325 turns).

4tharraofdagon the Skirmisher (Gargoyle Berserker)   Turns: 325, Time: 00:02:12

HP  -5/49        AC  6     Str 26      XL: 5   Next: 16%
MP   5/5         EV 12     Int  8      God: Trog [**....]
Gold 38          SH  0     Dex  9      Spells:  0 memorised,  4 levels left

rFire  . . .     SeeInvis .     a - +0 hand axe
rCold  . . .     Clarity  .     b - +0 animal skin
rNeg   + . .     Conserve .     (no shield)
rPois  +         rCorr    .     (no helmet)
rElec  +         rRot     +     (no cloak)
SustAb . .       Spirit   .     (no gloves)
rMut   .         Warding  .     (no boots)
Saprov . . .     Stasis   .     (no amulet)
MR     .....                    (no ring)
                                (no ring)

@: berserking, very quick, not resistant to hostile enchantments, extremely
unstealthy
A: life protection 1, electricity resistance, unbreathing, petrification
resistance, AC +4
a: Burn Spellbooks, Berserk, Trog's Hand, Renounce Religion


You were on level 4 of the Dungeon.
You worshipped Trog.
Trog was pleased with you.
You were not hungry.

You visited 1 branch of the dungeon, and saw 4 of its levels.

You collected 38 gold pieces.

Inventory:

Hand weapons
 a - a +0,+0 hand axe (weapon)
Armour
 b - a +0 animal skin (worn)
Comestibles
 c - 3 bread rations
 d - a lychee
 g - a choko
Scrolls
 e - 2 scrolls of enchant weapon II {unknown}
 f - a scroll of noise {unknown}
 h - a scroll of teleportation {unknown}


   Skills:
 + Level 4.1 Fighting
 * Level 4.1 Axes
 + Level 3.4 Armour
 - Level 1.5 Dodging


You had 4 spell levels left.
You didn't know any spells.

Dungeon Overview and Level Annotations

Branches:
Dungeon (4/15)             Temple (0/1) D:4

Altars:
Makhleb
Trog

Annotations:
D:4 DasRunzen's ghost, average DsGl


Innate Abilities, Weirdness & Mutations

You are resistant to torment.
You are immune to poison.
You are immune to rotting.
Your stone body is very resilient (AC +4).
You resist negative energy.
You are resistant to electric shocks.
You can survive without breathing.
You are immune to petrification.


Message History

You closely miss the hobgoblin. You hit the iguana.
You kill the iguana!
Trog accepts your kill.
Your Axes skill increases to level 4!
You have reached level 5!
Unknown command.
Unknown command.
You hit the hobgoblin.
You kill the hobgoblin!
Trog accepts your kill.
You can now regenerate and be protected from hostile enchantments.
You hit DasRunzen's ghost.
DasRunzen's ghost is moderately damaged.
DasRunzen's ghost hits you.
* * * LOW HITPOINT WARNING * * *
Unknown command.
You slash DasRunzen's ghost!
DasRunzen's ghost is heavily damaged.
DasRunzen's ghost hits you!
You die...

#.....<....# +.....(.
.##.....####.# #......#
.............###......#
###....#.......+......#
#....#.#######....#.# ..
#....#...p..........#...
#....#########...........
#.... ...................
#.... ........@).........
.... ...#####%p........ .
........?........
#.#.............
#.#..###+####. #.#.#.
>.#.. #.#. # .


You could see DasRunzen's ghost.

Vanquished Creatures
  A scorpion (D:4)
  An iguana (D:4)
  4 gnolls (D:2)
  2 giant geckos
  A ball python (D:3)
  A giant cockroach (D:2)
  2 hobgoblins
  2 jackals (D:1)
  3 kobolds
  A quokka (D:2)
  2 giant newts (D:2)
  A rat (D:2)
21 creatures vanquished.

Notes
Turn   | Place    | Note
--------------------------------------------------------------
     0 | D:1      | 4tharraofdagon, the Gargoyle Berserker, began the quest for the Orb.
     0 | D:1      | Reached XP level 1. HP: 14/14 MP: 1/1
    83 | D:2      | Reached XP level 2. HP: 14/19 MP: 2/2
    91 | D:2      | Reached XP level 3. HP: 15/23 MP: 3/3
   147 | D:2      | Acquired Trog's second power
   244 | D:3      | Found a bloodstained altar of Trog.
   244 | D:3      | Found a burning altar of Makhleb.
   276 | D:3      | Reached XP level 4. HP: 25/29 MP: 4/4
   299 | D:4      | Noticed DasRunzen's ghost (average DsGl)
   317 | D:4      | Found a staircase to the Ecumenical Temple.
   321 | D:4      | Reached skill level 4 in Fighting
   323 | D:4      | Reached XP level 5. HP: 12/33 MP: 5/5
   325 | D:4      | Slain by DasRunzen's ghost

Action                   |  1- 3 |  4- 6 || total
-------------------------+-------+-------++-------
Melee: Hand axe          |    43 |     6 ||    49
Invok: Berserk           |     1 |     1 ||     2
       Trog's Hand       |     1 |       ||     1
